 Dungeon Crawl Stone Soup version 0.26-a0-259-g1effd001a9 (webtiles) character file.

Game seed: 11532595520247711808

838 Esekla the Magician (level 8, -1/56 HPs)
             Began as a Formicid Hedge Wizard on July 10, 2020.
             Was a Follower of Makhleb.
             Slain by a hippogriff (5 damage)
             ... on level 5 of the Dungeon.
             The game lasted 00:37:51 (4288 turns).

Esekla the Magician (Formicid Hedge Wizard)         Turns: 4288, Time: 00:37:52

Health: -1/56      AC:  6    Str: 15    XL:     8   Next: 19%
Magic:  7/15       EV: 12    Int: 16    God:    Makhleb [*.....]
Gold:   289        SH:  0    Dex: 10    Spells: 9/16 levels left

rFire    . . .     SeeInvis +   p - +0 long sword
rCold    . . .     Faith    .   (no shield)
rNeg     . . .     Spirit   .   b - +0 robe
rPois    .         Reflect  .   (helmet unavailable)
rElec    .         Harm     .   (no cloak)
rCorr    .                      (no gloves)
MR       .....                  (no boots)
Stlth    ++........             h - amulet of regeneration
HPRegen  0.58/turn              c - ring of wizardry
MPRegen  0.14/turn              m - +4 ring of protection

@: stab, very slightly contaminated
A: permanent stasis, dig shafts and tunnels, four strong arms, antennae 3
a: Dig, Shaft Self, Renounce Religion


You were on level 5 of the Dungeon.
You worshipped Makhleb.
Makhleb was aware of your devotion.
You were hungry.

You visited 2 branches of the dungeon, and saw 6 of its levels.
You also visited: Sewer.

You collected 289 gold pieces.

Inventory:

Hand Weapons
 e - a +0 short sword
 p - a +0 long sword (weapon)
 s - a +0 trident
Missiles
 v - 2 boomerangs (quivered)
Armour
 b - a +0 robe (worn)
 y - a +0 leather armour
Jewellery
 c - a ring of wizardry (left hand)
 h - an amulet of regeneration (around neck)
 m - a +4 ring of protection (right hand)
 o - an uncursed ring of magical power {unknown}
Scrolls
 a - a scroll of random uselessness {unknown}
 f - 8 scrolls of identify
 i - a scroll of magic mapping {unknown}
 j - a scroll of enchant armour {unknown}
 k - 5 scrolls of teleportation {unknown}
 q - a scroll of enchant weapon {unknown}
 r - a scroll of remove curse {unknown}
 u - 3 scrolls of fear {unknown}
Potions
 l - 2 potions of magic
 n - a potion of resistance
 t - a potion of brilliance
 w - a potion of invisibility {unknown}
 x - a potion of stabbing
Comestibles
 d - 21 rations


   Skills:
 + Level 2.1 Fighting
 + Level 1.4(3.1) Short Blades
 * Level 4.3(4.5) Long Blades
 + Level 2.6 Dodging
 + Level 3.6 Stealth
 * Level 4.9 Spellcasting
 + Level 2.3 Conjurations
   Level 1.0 Summonings
   Level 0.8 Translocations
 * Level 2.0 Air Magic
 * Level 3.3 Poison Magic


You had 9 spell levels left.
You knew the following spells:

 Your Spells              Type           Power        Failure   Level
a - Magic Dart            Conj           ##..         2%          1
c - Mephitic Cloud        Conj/Pois/Air  ##......     6%          3
f - Conjure Flame         Conj/Fire      #.......     12%         3

Your spell library contained the following spells:

 Spells                   Type           Power        Failure   Level
 Call Imp                 Summ           #.......     6%          2
 Slow                     Hex            #.......     10%         2
 Blink                    Tloc           Unusable     N/A         2

Dungeon Overview and Level Annotations

Branches:
Dungeon (5/15)             Temple (1/1) D:5           Sewer (visited)

Altars:
Hepliaklqana
Makhleb
Nemelex Xobeh
Qazlal
Sif Muna
Uskayaw


Innate Abilities, Weirdness & Mutations

You cannot be hasted, slowed, berserked, paralysed or teleported.
You can dig through walls and to a lower floor.
Your four strong arms can wield two-handed weapons with a shield.
You have a pair of large antennae on your head. (SInv)


Message History

Confirm with . or Enter, or press ? or * to list all spells.
You don't know that spell.
You hit the hippogriff.
The hippogriff is moderately wounded.
The hippogriff misses you.
You riposte.
You hit the hippogriff.
The hippogriff is heavily wounded.
The hippogriff pecks you. The hippogriff claws you!
* * * LOW HITPOINT WARNING * * *
You hit the hippogriff.
The hippogriff is heavily wounded.
The hippogriff bites you but does no damage.
The hippogriff pecks you!
* * * LOW HITPOINT WARNING * * *
The hippogriff misses you.
It was a potion of stabbing.
You feel ready to backstab. The hippogriff bites you.
* * * LOW HITPOINT WARNING * * *
The hippogriff misses you. The hippogriff claws you.
You die...

#..##.#Y....#{.$..# ....# #.##.
......#...Y.#.....#.....# #.#..
..#.###..#..#..#Y.#.s#{.# #....
#####.#..#..#.{#..#..#.{###'#....
###.#..#.....#.....#......#....
#.#.#..#.....#.....#5.... ##... #
#..(#..######################)#
###...#..........................
#.....#........H@................
..#...#..####################....
..##..#.. ...Z{#{.Z.Z# #....
...##.#..#....{#.....# #....
......#..#..#..#..#..# #....
....#.#{{#..#..#..#..# #....
......#.....#.....#... {##...
......#{... #....{#... {#....
......#######################†..#


You could see a hippogriff, an ice beast, a scorpion (wandering) and a centaur
zombie.

Vanquished Creatures
  An ogre (D:5)
  5 big kobolds (Sewer)
  2 hounds
  2 orc priests
  Natasha (D:2)
  3 worker ants
  7 adders
  A shadow imp (D:5)
  3 oozes (Sewer)
  8 worms
  3 dart slugs
  3 leopard geckos
  10 orcs
  8 ball pythons
  5 giant cockroaches (D:4)
  3 goblins
  3 hobgoblins
  6 jackals
  2 quokkas
  8 bats
  2 frilled lizards
  6 kobolds
  9 rats
101 creatures vanquished.

Notes
Turn   | Place    | Note
-------+----------+-------------------------------------------
     0 | D:1      | Esekla the Formicid Hedge Wizard began the quest for the
                  | Orb.
     0 | D:1      | Reached XP level 1. HP: 13/13 MP: 4/4
   342 | D:1      | Reached XP level 2. HP: 19/19 MP: 3/6
   629 | D:2      | Reached XP level 3. HP: 17/24 MP: 4/8
   634 | D:2      | Learned a level 3 spell: Mephitic Cloud
   638 | D:2      | Learned a level 3 spell: Conjure Flame
   710 | D:2      | Reached skill level 1 in Conjurations
   774 | D:2      | Found a hide-covered altar of Uskayaw.
   902 | D:2      | Noticed Natasha
   917 | D:2      | Killed Natasha
   917 | D:2      | Reached skill level 1 in Short Blades
   917 | D:2      | Reached XP level 4. HP: 31/31 MP: 3/9
  1350 | D:2      | Found a shimmering blue altar of Sif Muna.
  1353 | D:2      | Found a stormy altar of Qazlal.
  1530 | D:2      | Reached skill level 1 in Poison Magic
  1536 | D:2      | Reached skill level 1 in Fighting
  2116 | D:4      | Reached XP level 5. HP: 30/37 MP: 5/11
  2243 | D:4      | HP: 1/37 [jackal (2)]
  2304 | D:4      | Found a glowing drain.
  2321 | Sewer    | Entered a sewer
  2357 | Sewer    | Noticed a big kobold
  2384 | Sewer    | Killed a big kobold
  2384 | Sewer    | Reached skill level 1 in Long Blades
  2384 | Sewer    | Reached skill level 1 in Air Magic
  2384 | Sewer    | Reached XP level 6. HP: 39/43 MP: 12/12
  2779 | Sewer    | Reached XP level 7. HP: 43/49 MP: 13/13
  3473 | D:5      | Entered Level 5 of the Dungeon
  3740 | D:5      | Reached XP level 8. HP: 54/56 MP: 12/15
  3855 | D:5      | Found a staircase to the Ecumenical Temple.
  3857 | D:5      | Found a faded altar of an unknown god.
  3864 | Temple   | Entered the Ecumenical Temple
  3885 | D:5      | Became a worshipper of Makhleb the Destroyer
  3885 | D:5      | Reached * piety under Makhleb
  4275 | D:5      | Noticed a hippogriff
  4288 | D:5      | Slain by a hippogriff

Illustrated notes

Levels and vault maps discovered:
D:1:      dpeg_arrival_brainrot, layout_rooms, serial_glass, glass_columns_b,
          glass_columns_a, minmay_pentomino_x2
D:2:      layout_loops_ring, eat_drink_and_be_merry_uskayaw, minitemple,
          uniq_natasha
D:3:      layout_rooms
D:4:      layout_cave_pools, gup_sewer_entry_pipe
D:5:      kennysheep_windowed_halls, layout_cave_pools,
          nicolae_temple_entry_ecumenical, first_ration
Temple:   minmay_crystal_spiral_temple

Skill      XL: |  1  2  3  4  5  6  7  8 |
---------------+-------------------------+-----
Conjurations   | 1 2 |  2.3
Stealth        | 3 |  3.6
Dodging        | 2 |  2.6
Short Blades   | 1 |  1.4
Spellcasting   | 4 |  4.9
Poison Magic   | 1 2 3 |  3.3
Fighting       | 1 2 |  2.1
Long Blades    | 1 2 4 |  4.3
Air Magic      | 1 2 |  2.0
Summonings     | |  1.0
Translocations | |  0.8

Action                   |  1- 3 |  4- 6 |  7- 9 || total
-------------------------+-------+-------+-------++-------
Melee: Short sword       |    69 |    40 |       ||   109
       Dagger            |     1 |       |       ||     1
       Long sword        |       |   130 |   150 ||   280
 Cast: Magic Dart        |    27 |    86 |    54 ||   167
       Mephitic Cloud    |     1 |       |     3 ||     4
 Abil: Dig               |     1 |       |       ||     1
  Use: Potion            |       |     2 |     1 ||     3
       Scroll            |       |     1 |     2 ||     3
 Stab: Sleeping          |     7 |     2 |     1 ||    10
       Confused          |       |       |     2 ||     2
  Eat: Ration            |       |     2 |     1 ||     3
Armor: Robe              |    13 |    65 |    46 ||   124
Dodge: Dodged            |    38 |   159 |    88 ||   285
       Rpst.: Long sword |       |    32 |    22 ||    54

Table legend:
 A = Non-vault XP
 B = Vault XP
 C = Vault XP percentage of total XP
 D = Non-vault monster count
 E = Vault monster count
 F = Vault count percentage of total count
                 A         B        C        D         E       F
            +---------+---------+-------+---------+---------+-------
      Total |     516 |     682 |  56.9 |      61 |      40 |  39.6
            +---------+---------+-------+---------+---------+-------
        D:1 |      22 |       4 |  15.4 |      14 |       2 |  12.5
        D:2 |      54 |      29 |  34.9 |      20 |       1 |   4.8
        D:3 |      23 |       0 |   0.0 |       5 |       0 |   0.0
        D:4 |     200 |      16 |   7.4 |      15 |       7 |  31.8
        D:5 |     217 |      37 |  14.6 |       7 |       2 |  22.2
      Sewer |       0 |     596 | 100.0 |       0 |      28 | 100.0
            +---------+---------+-------+---------+---------+-------
